 Dungeon Crawl Stone Soup version 0.31.0-11-ge490571c62 (webtiles) character file.

Game seed: 8014021361149623763

162 qw the Skirmisher (level 5, 0/29 HPs)
             Began as a Deep Elf Hunter on Feb 4, 2024.
             Slain by an orc wizard
             ... wielding a +0 dagger
              (3 damage)
             ... on level 4 of the Dungeon.
             The game lasted 00:00:11 (2926 turns).

qw the Skirmisher (Deep Elf Hunter)                 Turns: 2926, Time: 00:00:12

Health: 0/29       AC:  6    Str:  9 (10) XL:     5   Next: 19%
Magic:  7/7        EV: 15    Int: 13 (14) God:
Gold:   181        SH:  0    Dex: 17 (18) Spells: 4/4 levels left

rFire   + . .        a - +0 shortbow
rCold   + . .        (shield currently unavailable)
rNeg    . . .        f - +0 ring mail
rPois   +            (no helmet)
rElec   +            (no cloak)
rCorr   +            n - +0 pair of gloves
SInv    .            (no boots)
Will    .....        (no amulet) Stlth
                     c - +5 ring of evasion
HPRegen 0.24/turn    (no ring)
MPRegen 0.10/turn

%: no passive effects
@: confused, resistant, attractive, invisible, very slow
A: no striking features
a: no special abilities


You were on level 4 of the Dungeon.
You visited 1 branch of the dungeon, and saw 4 of its levels.

You collected 181 gold pieces.


   Skills:
 - Level 1.5 Fighting
 + Level 8.6 Ranged Weapons
 - Level 2.4 Dodging
 - Level 1.2 Stealth


You had 4 spell levels left.
You didn't know any spells.
Your spell library was empty.

Inventory:

Hand Weapons
 a - a +0 shortbow (weapon)
Armour
 f - a +0 ring mail (worn)
 n - a +0 pair of gloves (worn)
Jewellery
 c - a +5 ring of evasion (left hand)
Potions
 d - a potion of enlightenment

Dungeon Overview and Level Annotations

Branches:
Dungeon (4/15)
 Temple: D:4-7

Altars:
Vehumet
Xom
Zin

Shops:
D:1 !

Annotations:
D:3 1 runed translucent door, Crazy Yiuf


Message History

The orc wizard splashes around in the water.
The orc hits you but does no damage.
You feel less invigorated.
You hear some strange, mumbled words.
You are more confused.
Something hits you but does no damage.
The orc wizard splashes around in the water.
The orc hits you with a +0 flail. Something hits you but does no damage.
You hear some strange, mumbled words.
A puff of flame appears from out of thin air!
The puff of flame hits you. You resist. The orc wizard closely misses you.
The orc hits you but does no damage. Something hits you but does no damage.
Something barely misses you.
The orc wizard casts a spell.
The orc wizard flickers and vanishes!
The orc hits you with a +0 flail.
Something hits you. x3; The orc splashes around in the water.
Something hits you but does no damage. x3; The orc hits you but does no damage.
Something barely misses you. Something hits you.
You hear a splashing noise.
The orc hits you but does no damage.
You hear some strange, mumbled words.
You are more confused.
You hear a splashing noise.
Something hits you but does no damage. The orc hits you but does no damage.
Something hits you but does no damage. Something barely misses you.
Something hits you but does no damage. The orc completely misses you.
You hear some strange, mumbled words.
A magic dart appears from out of thin air!
The magic dart hits you. Something hits you but does no damage.
You hear a splashing noise.
The orc closely misses you.
Something barely misses you. x2; Something hits you but does no damage.
The orc hits you with a +0 flail. Something hits you.
Something hits you but does no damage.
You hear some strange, mumbled words.
A magic dart appears from out of thin air!
The magic dart hits you! The orc closely misses you. Something hits you.
You die...

## ##.
##..########
#..~..~.....
###..~{{~.....
#~~~~~@o~~~~~~~~
##
#~~~~~~~{~~~~~~
~~ #.
#~##.~~.~~~.~~.
~ ##.
#....~~...~.. #.
#..
#....~.~~..~.
#.###..
....$>...#####
#......
..[.......#
#######....
#.........#
........[..
..........


You could see an orc.

Vanquished Creatures
  4 gnolls (D:2)
  5 adders (D:2)
  2 dart slugs (D:2)
  2 ribbon worms (D:2)
  7 orcs (D:3)
  6 bats
  7 endoplasms
  10 goblins
  3 hobgoblins (D:3)
  5 kobolds
  2 quokkas
  5 ball pythons
  A frilled lizard (D:3)
  5 rats
64 creatures vanquished.

Notes
Turn   | Place    | Note
-------+----------+-------------------------------------------
     0 | D:1      | qw the Deep Elf Hunter began the quest for the Orb.
     0 | D:1      | Reached XP level 1. HP: 12/12 MP: 3/3
     0 | D:1      | 0 ||| qw: Version: 0.3-a-160-g6735b56
     0 | D:1      | 0 ||| qw: Game counter: 5131
     0 | D:1      | 0 ||| qw: Melee chars always use a shield: true
     0 | D:1      | 0 ||| qw: God list: Okawaru
     0 | D:1      | 0 ||| qw: Allow faded altars: false
     0 | D:1      | 0 ||| qw: Do Orc after clearing Dungeon:15 true
     0 | D:1      | 0 ||| qw: Do second Lair branch before Depths: true
     0 | D:1      | 0 ||| qw: Lair rune preference: random
     0 | D:1      | 0 ||| qw: Goals: Normal
     0 | D:1      | 0 ||| PLANNING D:1-11
    59 | D:1      | Found Efoob's Distillery.
    66 | D:1      | 66 ||| SHOPLISTING potion of curing (39 gold, have 21).
    66 | D:1      | 66 ||| SHOPLISTING potion of heal wounds (65 gold, have
                  | 21).
   186 | D:1      | Reached XP level 2. HP: 16/16 MP: 4/4
   210 | D:1      | Reached skill level 6 in Ranged Weapons
   814 | D:1      | 814 ||| UPGRADING to +0 ring mail.
   824 | D:1      | 824 ||| DROPPING +0 leather armour.
   825 | D:1      | 825 ||| READING scroll labelled FIPTYT JAOBRIT.
   826 | D:1      | 826 ||| DRINKING 2 coppery potions.
   866 | D:1      | 866 ||| DROPPING scroll of butterflies.
   867 | D:1      | 867 ||| DROPPING potion of lignification.
  1031 | D:2      | 1031 ||| RETREEEEATING.
  1039 | D:2      | Reached XP level 3. HP: 20/20 MP: 5/5
  1054 | D:2      | Reached skill level 7 in Ranged Weapons
  1116 | D:2      | Reached XP level 4. HP: 25/25 MP: 6/6
  1181 | D:2      | HP: 5/25 [ribbon worm (3)]
  1188 | D:2      | HP: 1/25 [ribbon worm (6)]
  1517 | D:2      | Reached skill level 8 in Ranged Weapons
  1827 | D:2      | 1827 ||| UPGRADING to +5 ring of evasion.
  1828 | D:2      | 1828 ||| DRINKING 2 emerald potions.
  1948 | D:3      | Reached XP level 5. HP: 29/29 MP: 7/7
  1991 | D:3      | Found a glowing silver altar of Zin.
  1993 | D:3      | Found a radiant altar of Vehumet.
  2029 | D:3      | Found a faded altar of an unknown god.
  2094 | D:3      | Found a runed translucent door.
  2095 | D:3      | Noticed Crazy Yiuf
  2656 | D:3      | 2656 ||| UPGRADING to +0 pair of gloves.
  2661 | D:3      | 2661 ||| READING scroll labelled GUGERCH RETWETU.
  2661 | D:3      | 2661 ||| IDENTIFYING white potion
  2662 | D:3      | 2662 ||| READING scroll labelled PUGOEPL MAMIHI.
  2663 | D:3      | 2663 ||| READING scroll labelled GALAOXKEDIO.
  2664 | D:3      | 2664 ||| DROPPING potion of brilliance.
  2900 | D:4      | Found a shimmering altar of Xom.
  2907 | D:4      | 2907 ||| DRINKING cyan potion.
  2907 | D:4      | HP: 7/29 [orc wizard] (9)]
  2908 | D:4      | 2908 ||| DRINKING murky emerald potion.
  2909 | D:4      | 2909 ||| DRINKING puce potion.
  2910 | D:4      | 2910 ||| DRINKING purple potion.
  2911 | D:4      | 2911 ||| DRINKING black potion.
  2925 | D:4      | HP: 2/29 [something/magic dart (8)]
  2926 | D:4      | Slain by an orc wizard

Levels and vault maps discovered:
D:1:      nicolae_arrival_memento_mori, layout_basic, serial_shops,
          nicolae_shop_rolling_square, minmay_pentomino_t2
D:2:      layout_basic
D:3:      layout_loops_cross, nicolae_overflow_hidden_temple,
          nicolae_ecumenical_oubliette, st_stairs_4, uniq_crazy_yiuf_cottage
D:4:      layout_rooms, led_sif_book, lemuel_tele_altar, led_xom_imps,
          evilmike_ruin_ashenzari, minmay_temple_entry_drinking_statues,
          gammafunk_ghost_cemetery, serial_rivers,
          chequers_serial_rivers_micro_d, chequers_serial_rivers_small_3,
          chequers_serial_rivers_small_a, chequers_serial_rivers_small_3,
          chequers_serial_rivers_micro_e, chequers_serial_rivers_micro_a,
          dk_rats_in_the_wall

Skill      XL: |  1  2  3  4 |
---------------+-------------+-----
Ranged Weapons | 6 7 8 |  8.6
Fighting       | |  1.5
Dodging        | |  2.4
Stealth        | |  1.2

Action                     |  1- 3 |  4- 6 || total
---------------------------+-------+-------++-------
   Fire: Shortbow          |    51 |   153 ||   204
    Use: Potion            |     1 |     6 ||     7
         Scroll            |     1 |     3 ||     4
 Armour: Leather armour    |     2 |       ||     2
         Ring mail         |     1 |    83 ||    84
  Dodge: Dodged            |     6 |    49 ||    55

Table legend:
 A = Non-vault XP
 B = Vault XP
 C = Vault XP percentage of total XP
 D = Non-vault monster count
 E = Vault monster count
 F = Vault count percentage of total count
                 A         B        C        D         E       F
            +---------+---------+-------+---------+---------+-------
      Total |     225 |       7 |   3.0 |      60 |       4 |   6.2
            +---------+---------+-------+---------+---------+-------
        D:1 |      16 |       4 |  20.0 |      10 |       2 |  16.7
        D:2 |     167 |       0 |   0.0 |      29 |       0 |   0.0
        D:3 |      42 |       3 |   6.7 |      21 |       2 |   8.7
            +---------+---------+-------+---------+---------+-------
